 Dungeon Crawl Stone Soup version 0.28-a0-533-g9f97627e2a (webtiles) character file.

Game seed: 16625531726207014342

2296 Shayle the Fighter (level 9, -4/101 HPs)
             Began as an Ogre Warper on Sept 25, 2021.
             Was an Initiate of Gozag.
             Slain by a killer bee (8 damage)
             ... on level 7 of the Dungeon.
             The game lasted 00:30:02 (10929 turns).

Shayle the Fighter (Ogre Warper)                   Turns: 10929, Time: 00:30:03

Health: -4/101     AC:  4    Str: 17    XL:     9   Next: 40%
Magic:  7/15       EV:  9    Int: 17    God:    Gozag
Gold:   125        SH:  0    Dex:  8    Spells: 6/16 levels left

rFire   + . .      SeeInvis .   h - +0 whip (freeze)
rCold   + . .      Faith    .   (no shield)
rNeg    + + .      Spirit   .   b - +1 robe
rPois   +          Reflect  .   (helmet restricted)
rElec   +          Harm     .   (no cloak)
rCorr   +          Rampage  .   (gloves unavailable)
Will    .....                   (boots unavailable)
Stlth   +.........              (no amulet)
HPRegen 0.26/turn               j - ring of positive energy
MPRegen 0.14/turn               i - ring of positive energy

@: mighty, brilliant, resistant, gold aura, very slightly contaminated
A: large, unfitting armour, tough skin 1
a: Renounce Religion, Potion Petition, Call Merchant, Bribe Branch


You were on level 7 of the Dungeon.
You worshipped Gozag.
Gozag was aware of your devotion.
You visited 2 branches of the dungeon, and saw 8 of its levels.

You collected 688 gold pieces.
You spent 72 gold pieces at shops.
You paid 491 gold pieces to Gozag.

Inventory:

Hand Weapons
 a - a +0 hand axe
 h - a +0 whip of freezing (weapon)
 r - a +0 war axe
Missiles
 e - 2 boomerangs (quivered)
 m - 12 poisoned darts
Armour
 b - a +1 robe (worn)
Jewellery
 i - a ring of positive energy (right hand)
 j - a ring of positive energy (left hand)
Wands
 k - a wand of polymorph (8)
Scrolls
 c - a scroll of fog
 g - a scroll of identify
 q - 2 scrolls of enchant armour
 s - a scroll of blinking
 t - a scroll of amnesia
Potions
 n - a potion of mutation
 o - a potion of magic
 p - a potion of flight


   Skills:
 + Level 10.2 Fighting
 + Level 7.8 Axes
 - Level 1.0 Throwing
 - Level 2.1 Dodging
 + Level 4.4 Spellcasting
 + Level 2.9 Conjurations
 - Level 2.6 Translocations
 + Level 2.9 Air Magic


You had 6 spell levels left.
You knew the following spells:

 Your Spells              Type           Power      Damage    Failure   Level
a - Blink                 Tloc           N/A        N/A       8%          2
b - Teleport Other        Tloc           19%        N/A       16%         3
c - Gell's Gravitas       Tloc           9%         N/A       16%         3
d - Static Discharge      Conj/Air       20%        N/A       7%          2

Your spell library contained the following spells:

 Spells                   Type           Power      Damage    Failure   Level
 Apportation              Tloc           38%        N/A       4%          1
 Animate Skeleton         Necr           10%        N/A       16%         1
 Summon Small Mammal      Summ           20%        N/A       16%         1
 Lesser Beckoning         Tloc           19%        N/A       16%         3
 Sticky Flame             Conj/Fire      13%        2d4       63%         4
 Manifold Assault         Tloc           19%        N/A       80%         5
 Dispel Undead            Necr           5%         3d7       83%         4


Dungeon Overview and Level Annotations

Branches:
Dungeon (7/15)             Temple (1/1) D:4

Altars:
Gozag
Okawaru
Sif Muna
Uskayaw
Yredelemnul

Shops:
D:1 !   D:2 !

Annotations:
D:4 Blork the orc


Innate Abilities, Weirdness & Mutations

You are too large for most types of armour.
You have tough skin. (AC +1)


Message History

Okay, then. [a] - 396 gold - resistance and invisibility [b] - 432 gold - might, brilliance and resistance [c] - 336 gold - brilliance and magic Purchase which effect?
You no longer have enough gold to petition Gozag for potion effects.
You feel very mighty all of a sudden.
You feel clever all of a sudden.
You feel protected. The killer bee stings you.
* * * LOW HITPOINT WARNING * * *
The killer bee barely misses you.
You whack the killer bee! You freeze the killer bee.
You kill the killer bee!
The killer bee stings you.
* * * LOW HITPOINT WARNING * * *
Unknown command.
You miss the killer bee.
The killer bee is heavily wounded.
The killer bee barely misses you. The killer bee stings you.
* * * LOW HITPOINT WARNING * * *
Unknown command.
Okay, then.
Okay, then.
You hit the killer bee. You freeze the killer bee.
The killer bee is severely wounded.
The killer bee closely misses you.
You closely miss the killer bee.
The killer bee is severely wounded.
The killer bee stings you but does no damage.
The killer bee stings you.
* * * LOW HITPOINT WARNING * * *
You hit the killer bee but do no damage.
The killer bee is heavily wounded.
The killer bee closely misses you. The killer bee stings you.
* * * LOW HITPOINT WARNING * * *
You barely miss the killer bee.
The killer bee is heavily wounded.
The killer bee barely misses you. The killer bee stings you!
You die...
Your body crumbles into a pile of gold.

#####...###.##### #...#
#.### # $ ########...#
#...# # ...........#
###.# #######....# #.#
#......# #.# #.##...#
#.#
...######.##########.###
......y@.## #....P...
...####### ##..#..#P
≈≈≈≈≈≈≈≈≈≈ ........... $
.≈≈≈≈≈≈≈≈≈≈ ≈≈##..#P.#P
≈##........ ..#######


You could see a killer bee.

Vanquished Creatures
  Pikel (D:5)
  Grinder (D:4)
  A shadow (D:7)
  A water moccasin (D:5)
  An ogre (D:7)
  A necrophage (D:2)
  2 centaurs
  A lemure (D:5)
  4 scorpions
  A water moccasin zombie (D:5)
  2 killer bees (D:7)
  A howler monkey (D:5)
  A centaur zombie (D:5)
  A hound (D:4)
  2 jellies (D:5)
  3 orc priests
  A centaur skeleton (D:6)
  A bullfrog skeleton (D:2)
  Jessica (D:3)
  An iguana (D:5)
  Natasha (thrice) (D:4)
  2 orc wizards (D:7)
  12 adders
  A white imp (D:6)
  2 worms (D:2)
  5 dart slugs
  14 orcs
  13 ball pythons
  6 endoplasms
  3 giant cockroaches
  3 goblins
  6 hobgoblins
  8 jackals
  7 kobolds
  3 quokkas
  9 bats
  2 frilled lizards (D:3)
  A rat (D:1)
128 creatures vanquished.

Vanquished Creatures (others)
  8 plants (D:7)
8 creatures vanquished.

Grand Total: 136 creatures vanquished

Notes
Turn   | Place    | Note
-------+----------+-------------------------------------------
     0 | D:1      | Shayle the Ogre Warper began the quest for the Orb.
     0 | D:1      | Reached XP level 1. HP: 22/22 MP: 3/3
    18 | D:1      | Reached skill level 3 in Fighting
   327 | D:1      | Reached XP level 2. HP: 26/31 MP: 5/5
   370 | D:1      | Found Ybuf's Distillery.
   459 | D:1      | You fall into a shaft and drop 1 floor!
  1064 | D:1      | Reached XP level 3. HP: 37/39 MP: 6/6
  1376 | D:1      | Reached skill level 4 in Fighting
  1704 | D:2      | Learned a level 2 spell: Blink
  1708 | D:2      | Learned a level 3 spell: Teleport Other
  1750 | D:2      | Noticed a necrophage
  1793 | D:1      | Bought a potion of curing for 36 gold pieces
  1845 | D:1      | Reached XP level 4. HP: 32/49 MP: 7/7
  2401 | D:2      | Found a faded altar of an unknown god.
  2912 | D:2      | Killed a necrophage
  2913 | D:2      | Reached skill level 5 in Fighting
  2913 | D:2      | Reached XP level 5. HP: 10/57 MP: 8/8
  3339 | D:2      | Found Kolimif's Distillery.
  3381 | D:3      | Noticed Jessica
  3458 | D:1      | Bought a potion of curing for 36 gold pieces
  4168 | D:3      | Reached XP level 6. HP: 19/67 MP: 9/9
  4394 | D:3      | Killed Jessica
  4395 | D:3      | Reached skill level 6 in Fighting
  4641 | D:3      | Found a basalt altar of Yredelemnul.
  4657 | D:3      | Found a shimmering blue altar of Sif Muna.
  5177 | D:4      | Found an opulent altar of Gozag.
  5185 | D:4      | Became a worshipper of Gozag Ym Sagoz the Greedy
  5674 | D:4      | Found an iron altar of Okawaru.
  5737 | D:4      | Reached skill level 5 in Axes
  5904 | D:4      | Noticed Natasha
  5909 | D:4      | Killed Natasha
  6047 | D:4      | Noticed Grinder
  6052 | D:4      | Noticed Blork the orc
  6057 | D:4      | You fall into a shaft and drop 2 floors!
  6073 | D:5      | Entered Level 5 of the Dungeon
  6428 | D:5      | Reached skill level 7 in Fighting
  6428 | D:5      | Reached XP level 7. HP: 57/78 MP: 10/10
  6438 | D:5      | Learned a level 3 spell: Gell's Gravitas
  6659 | D:4      | Noticed Natasha
  6666 | D:4      | Killed Natasha
  6667 | D:4      | Reached skill level 8 in Fighting
  6976 | D:4      | Noticed Natasha
  6983 | D:4      | Killed Natasha
  7007 | D:4      | Killed Grinder
  7008 | D:4      | Reached XP level 8. HP: 57/91 MP: 11/11
  7225 | D:4      | Found a staircase to the Ecumenical Temple.
  7231 | Temple   | Entered the Ecumenical Temple
  7491 | D:5      | Reached skill level 9 in Fighting
  7772 | D:5      | Learned a level 2 spell: Static Discharge
  8129 | D:6      | Reached skill level 1 in Air Magic
  8447 | D:6      | Noticed Pikel
  8604 | D:5      | Killed Pikel
  8605 | D:5      | Reached XP level 9. HP: 44/101 MP: 9/14
 10205 | D:7      | Found a hide-covered altar of Uskayaw.
 10220 | D:7      | Reached skill level 10 in Fighting
 10928 | D:7      | HP: 4/101 [killer bee (3)]
 10929 | D:7      | Slain by a killer bee

Illustrated notes

Levels and vault maps discovered:
D:1:      tarquinn_simple_flora_water_e, layout_loops_ring, serial_shops,
          shop_statue
D:2:      layout_basic, hellmonk_ecumenical_altar_crossroads, serial_shops, shop
D:3:      layout_basic, jmf_multi_god_temple, uniq_jessica
D:4:      layout_loops_ring, nicolae_gozag_cash_rules_everything_around_me,
          okawaru_metal_pillars_3, temple_green, uniq_natasha,
          uniq_blork_the_orc, uniq_grinder
D:5:      layout_rooms
D:6:      layout_basic, minmay_stone_trees_small, uniq_pikel
D:7:      nzn_winding_woodlands_small [nzn_winding_woodlands_5x15_cabin,
          nzn_winding_woodlands_center_pierced_h,
          nzn_winding_woodlands_5x15_longhouse], layout_rooms,
          regret_index_temple_of_mockery, mainiacjoe_overflow_24_doors,
          nicolae_elyvilon_temple_path
Temple:   pf_slime_end_temple

Skill      XL: |  1  2  3  4  5  6  7  8  9 |
---------------+----------------------------+-----
Fighting       | 3 4 5 7 8 9 10 | 10.2
Axes           | 3 4 5 6 7 |  7.8
Air Magic      | 2 |  2.9
Spellcasting   | 3 4 |  4.4
Conjurations   | 2 |  2.9
Throwing       | |  1.0
Dodging        | |  2.1
Translocations | |  2.6

Action                   |  1- 3 |  4- 6 |  7- 9 || total
-------------------------+-------+-------+-------++-------
Melee: Hand axe          |   147 |   306 |   161 ||   614
       Whip              |       |       |   121 ||   121
Throw: Boomerang         |     4 |     1 |     8 ||    13
       Dart              |       |    28 |    21 ||    49
       Javelin           |       |     2 |     5 ||     7
 Cast: Blink             |     1 |       |     8 ||     9
       Teleport Other    |       |     3 |       ||     3
       Gell's Gravitas   |       |       |     6 ||     6
Invok: Potion Petition   |       |       |     1 ||     1
  Use: Potion            |     2 |       |    11 ||    13
       Scroll            |       |    10 |     5 ||    15
Armor: Robe              |    63 |    74 |    69 ||   206
       Skin              |       |       |    20 ||    20
Dodge: Dodged            |   137 |   121 |   131 ||   389

Table legend: (Time is in decaauts)
 A = Elapsed time spent in this place.
 B = Non-inter-level travel time spent in this place.
 C = Inter-level travel time spent in this place.
 D = Time resting spent in this place.
 E = Time spent auto-exploring this place.
 F = Levels seen in this place.
 G = Mean time per level.
                   A        B        C        D        E       F      G
               +--------+--------+--------+--------+--------+-----+--------+
         Total |  10995 |  10519 |    476 |   3798 |   4407 |   8 | 1374.4 |
       Dungeon |  10993 |  10517 |    476 |   3798 |   4407 |   7 | 1570.4 |
        Temple |      1 |      1 |      0 |      0 |      0 |   1 |    1.0 |
               +--------+--------+--------+--------+--------+-----+--------+

Top non-repeatable levels by time:
     D:2: 2353 daAuts
     D:1: 1836 daAuts
     D:6: 1570 daAuts
     D:3: 1529 daAuts
     D:4: 1482 daAuts
     D:5: 1305 daAuts
     D:7: 914 daAuts
  Temple: 1 daAuts
